 Dungeon Crawl Stone Soup version 0.32-a0-859-gb0a091d592 (webtiles) character file.

Game seed: 7234444128439959629

728 Swamplord the Trooper (level 7, -4/76 HPs)
             Began as an Oni Monk on Mar 27, 2024.
             Was a Priest of Beogh.
             Killed from afar by Spirok the orc apostle (13 damage)
             ... with a foxfire
             ... on level 5 of the Dungeon.
             The game lasted 00:07:33 (4199 turns).

Swamplord the Trooper (Oni Monk)                    Turns: 4199, Time: 00:07:34

Health: -4/76      AC:  5    Str: 18    XL:     7   Next: 72%
Magic:  7/7        EV: 10    Int: 11    God:    Beogh [***...]
Gold:   377        SH:  0    Dex: 11    Spells: 6/6 levels left

rFire   . . .        a - +1 hand axe (heavy)
rCold   . . .        d - orb {light}
rNeg    . . .        b - +1 robe
rPois   .            (helmet restricted)
rElec   .            g - +0 cloak
rCorr   .            (gloves unavailable)
SInv    .            (boots unavailable)
Will    .....        (no amulet)
Stlth   +            (no ring)
HPRegen 0.32/turn    (no ring)
MPRegen 0.10/turn

%: no passive effects
@: glowing
A: large, unfitting armour, horns 1, tough skin 1, double potion healing,
drunken brawling
a: Renounce Religion, Smiting


You were on level 5 of the Dungeon.
You worshipped Beogh.
Beogh was most pleased with you.
You visited 2 branches of the dungeon, and saw 6 of its levels.
You also visited: Sewer.

You collected 377 gold pieces.

Inventory:

Hand Weapons
 a - a +1 heavy hand axe (weapon)
Armour
 b - a +1 robe (worn)
 d - an orb of light (worn)
 g - a +0 cloak (worn)
Talismans
 k - a blade talisman
Wands
 l - a wand of polymorph (2)
Scrolls
 f - a scroll of vulnerability
 i - a scroll of identify
 j - 2 scrolls of teleportation
Potions
 c - 4 potions of enlightenment
 e - a potion of brilliance


   Skills:
 + Level 6.5 Fighting
 + Level 6.4 Axes
 + Level 1.3 Armour
 + Level 4.5 Dodging


You had 6 spell levels left.
You didn't know any spells.
Your spell library contained the following spells:

 Spells                   Type           Power      Damage    Failure   Level
 Ensorcelled Hibernation  Hex/Ice        0%         N/A       47%         2
 Fugue of the Fallen      Necr           0%         N/A       71%         3
 Tukima's Dance           Hex            0%         N/A       71%         3
 Anguish                  Hex/Necr       0%         N/A       98%         4
 Dimensional Bullseye     Hex/Tloc       0%         N/A       98%         4
 Iskenderun's Mystic Bla Conj/Tloc 0%             2d3        (+2d1     98%         4


Dungeon Overview and Level Annotations

Branches:
Dungeon (5/15)             Temple (1/1) D:4           Sewer (visited)

Altars:
Ashenzari
Dithmenos
Elyvilon
Fedhas
Gozag
Kikubaaqudgha
Makhleb
Nemelex Xobeh
Okawaru
Qazlal
Ru
Sif Muna
Trog
Uskayaw
Vehumet
Xom
Yredelemnul

Shops:
D:1 :

Annotations:
D:3 exclusion: statue


Innate Abilities, Weirdness & Mutations

Your facial features look somewhat orcish.
You are too large for most types of armour.
You have a pair of small horns on your head.
You have tough skin. (AC +1)
You gain doubled healing and magic from potions.
Whenever you drink a healing potion, you attack all around you.


Message History

Spirok hits you with a +2 dagger of protection. 2 foxfires come into view.
You hit Spirok but do no damage.
Spirok is lightly wounded.
You barely miss the foxfire. The foxfire hits you! x2
Spirok mumbles some strange words.
Spirok conjures some foxfire! 2 foxfires come into view.
You slash Spirok!
Spirok is moderately wounded.
The foxfire hits you!!
* * * LOW HITPOINT WARNING * * *
Spirok hits you with a +2 dagger of protection.
* * * LOW HITPOINT WARNING * * *
Spirok casts a spell.
Spirok conjures some foxfire! 2 foxfires come into view.
You take a swig of the potion and twirl your +1 heavy hand axe.
You slash the foxfire!
The foxfire is lightly damaged.
You slash Spirok! You headbutt Spirok.
Spirok is heavily wounded.
You savour every drop.
You feel better. The foxfire hits you!
* * * LOW HITPOINT WARNING * * *
The foxfire hits you!
* * * LOW HITPOINT WARNING * * *
Spirok hits you but does no damage.
You barely miss Spirok.
Spirok is heavily wounded.
Spirok mumbles some strange words.
Spirok conjures some foxfire! 2 foxfires come into view.
Unknown command.
You slash Spirok!
Spirok is almost dead.
You slash the foxfire! The foxfire hits you.
* * * LOW HITPOINT WARNING * * *
The foxfire hits you!
You die...
Beogh appreciates Spirok's killing of a heretic priest.

~~..#.# #.#### ~...#.#
###.######### #####.#
#...##....'># #.##
#.#.'....#### #..#
#.#.'.....# ##.####
###.#)##....#### #....#
#...#.########..
####.########.##..##### ###
#####.......@v§.....##.#
#....####.###o##.##.##.######
#.#### #...#v##.##<##.......
#.##### #...+.##.##.#########
#.....###...#.##.##.##.......
#####.##..........#.##.######
#####.##....v.#.#.#..........
#.............#.#...##.##....
#.###.###.....#.###.##.#.....


You could see Spirok the orc apostle (divinely empowered).

Vanquished Creatures
  A water moccasin (D:5)
  2 crocodiles (Sewer)
  An ogre (D:4)
  A centaur (D:5)
  Jessica (D:2)
  Natasha (D:3)
  An iguana (D:5)
  A sickly merfolk siren (Sewer)
  A malarious merfolk avatar (Sewer)
  10 adders
  2 river rats
  6 dart slugs
  A ribbon worm (D:2)
  An orc (D:3)
  2 endoplasms
  2 giant cockroaches
  9 goblins
  4 hobgoblins
  4 jackals (D:2)
  6 quokkas
  13 ball pythons
  6 bats
  8 frilled lizards
  8 kobolds
  25 rats
117 creatures vanquished.

Vanquished Creatures (others)
  A human (D:5)
  8 foxfires (D:5)
9 creatures vanquished.

Grand Total: 126 creatures vanquished

Notes
Turn   | Place    | Note
-------+----------+-------------------------------------------
     0 | D:1      | Swamplord the Oni Monk began the quest for the Orb.
     0 | D:1      | Reached XP level 1. HP: 24/24 MP: 1/1
   241 | D:1      | Reached XP level 2. HP: 32/32 MP: 2/2
   270 | D:1      | Found Caqecs's Vocational Training.
   848 | D:2      | Reached XP level 3. HP: 37/40 MP: 3/3
   880 | D:2      | Reached skill level 1 in Armour
  1183 | D:2      | Noticed Jessica
  1187 | D:2      | Killed Jessica
  1188 | D:2      | Reached XP level 4. HP: 49/49 MP: 4/4
  1609 | D:3      | Noticed Natasha
  1624 | D:3      | Killed Natasha
  1625 | D:3      | Reached XP level 5. HP: 55/55 MP: 5/5
  1957 | D:3      | Found a radiant altar of Vehumet.
  1957 | D:3      | Noticed a frost-covered statue
  2021 | D:3      | Reached skill level 5 in Fighting
  2460 | D:4      | Found a blossoming altar of Fedhas.
  2668 | D:4      | Found a staircase to the Ecumenical Temple.
  2677 | Temple   | Entered the Ecumenical Temple
  2881 | D:4      | Noticed an ogre
  2889 | D:4      | Killed an ogre
  2890 | D:4      | Reached XP level 6. HP: 55/66 MP: 6/6
  3147 | D:5      | Entered Level 5 of the Dungeon
  3329 | D:5      | Found an iron altar of Okawaru.
  3333 | D:5      | Reached skill level 5 in Axes
  3446 | D:5      | Noticed a water moccasin
  3453 | D:5      | Killed a water moccasin
  3607 | D:5      | Became a worshipper of Beogh the Shepherd
  3607 | D:5      | Reached * piety under Beogh
  3607 | D:5      | Reached ** piety under Beogh
  3609 | D:5      | Reached XP level 7. HP: 66/75 MP: 7/7
  3618 | D:5      | Found an ancient bone altar of Kikubaaqudgha.
  3619 | D:5      | Noticed a human
  3621 | D:5      | Killed a human
  3719 | D:5      | Found a glowing drain.
  3730 | Sewer    | Entered a sewer
  4031 | Sewer    | Reached *** piety under Beogh
  4185 | D:5      | Noticed Spirok
  4199 | D:5      | Killed from afar by Spirok the orc apostle

Illustrated notes

Levels and vault maps discovered:
D:1:      psy_arrival_radial01, layout_loops_ring, nicolae_shop_vocational
D:2:      layout_loops_cross, minivault_23, uniq_jessica
D:3:      layout_basic, vehumet_statue, uniq_natasha
D:4:      layout_loops_corners, mainiacjoe_overflow_alcove_2,
          minmay_temple_entry_statues_fountains
D:5:      layout_basic, mainiacjoe_overflow_paths, tgw_kikubaaqudgha,
          portal_sewer_entry_b, serial_library_hellmonk_secret_room
Temple:   oiseaux_autumnal_temple

Skill      XL: |  1  2  3  4  5  6  7 |
---------------+----------------------+-----
Dodging        | 3 4 |  4.5
Armour         | 1 |  1.3
Axes           | 4 5 6 |  6.4
Fighting       | 5 6 |  6.5

Action                     |  1- 3 |  4- 6 |  7- 9 || total
---------------------------+-------+-------+-------++-------
  Melee: Hand axe          |    71 |    89 |    69 ||   229
         Headbutt          |    13 |    16 |     6 ||    35
 Invoke: Convert to Beogh  |       |     1 |       ||     1
    Use: Scroll            |     4 |    11 |       ||    15
         Potion            |       |     3 |     2 ||     5
 Armour: Robe              |    50 |    99 |    39 ||   188
         Skin              |       |       |    26 ||    26
  Dodge: Dodged            |    38 |    56 |    28 ||   122

Table legend: (Time is in decaauts)
 A = Elapsed time spent in this place.
 B = Non-inter-level travel time spent in this place.
 C = Inter-level travel time spent in this place.
 D = Time resting spent in this place.
 E = Time spent auto-exploring this place.
 F = Levels seen in this place.
 G = Mean time per level.
                   A        B        C        D        E       F      G
               +--------+--------+--------+--------+--------+-----+--------+
         Total |   4273 |   4185 |     88 |    100 |   3374 |   7 |  610.4 |
       Dungeon |   3839 |   3751 |     88 |    100 |   3102 |   5 |  767.8 |
        Temple |      1 |      1 |      0 |      0 |      0 |   1 |    1.0 |
         Sewer |    432 |    432 |      0 |      0 |    272 |   1 |  432.0 |
               +--------+--------+--------+--------+--------+-----+--------+

Top non-repeatable levels by time:
     D:4: 846 daAuts
     D:2: 831 daAuts
     D:1: 779 daAuts
     D:3: 720 daAuts
     D:5: 661 daAuts
   Sewer: 432 daAuts
  Temple: 1 daAuts
